 Dungeon Crawl Stone Soup version 0.20.1-1-g8b1a95d (webtiles) character file.

660 Jazqa the Skirmisher (level 7, -2/48 HPs)
             Began as a Gargoyle Fighter on Oct 24, 2017.
             Was a Follower of Trog.
             Slain by an ogre
             ... wielding a +0 giant club
              (10 damage)
             ... on level 5 of the Dungeon.
             The game lasted 00:08:43 (3887 turns).

Jazqa the Skirmisher (Gargoyle Fighter)             Turns: 3887, Time: 00:08:44

Health: -2/48      AC:  9    Str: 24    XL:     7   Next: 56%
Magic:  16/16      EV:  8    Int: 11    God:    Trog [*.....]
Gold:   157        SH:  0    Dex: 11    Spells: 6/6 levels left

rFire    . . .     SeeInvis .   a - +0 flail
rCold    . . .     Gourm    .   c - +1 shield
rNeg     + . .     Faith    .   x - +0 leather armour (curse)
rPois    ∞         Spirit   .   (no helmet)
rElec    +         Reflect  .   (no cloak)
rCorr    .         Harm     .   (no gloves)
MR       .....                  l - +0 pair of boots
Stlth    +.........             (no amulet)
Regen    0.2/turn               I - +2 ring of intelligence
MPRegen  0.2/turn               W - ring of magical power

@: confused, mighty
A: negative energy resistance 1, electricity resistance, unbreathing,
petrification resistance, rot immunity, AC +4
a: Berserk, Burn Spellbooks, Renounce Religion


You were on level 5 of the Dungeon.
You worshipped Trog.
Trog was aware of your devotion.
You were not hungry.

You visited 1 branch of the dungeon, and saw 5 of its levels.

You collected 157 gold pieces.


Innate Abilities, Weirdness & Mutations

You are resistant to torment.
Your stone body is resilient. (AC +4)
You are immune to poison.
You resist negative energy. (rN+)
You are resistant to electric shocks. (rElec)
You can survive without breathing.
You are immune to petrification.
You are immune to rotting.


   Skills:
 + Level 7.2 Fighting
 + Level 5.7 Maces & Flails
 - Level 3.2 Armour
 - Level 3.2 Shields


You had 6 spell levels left.
You didn't know any spells.

Inventory:

Hand Weapons
 a - a +0 flail (weapon)
Missiles
 m - a throwing net {=f}
Armour
 b - a +0 scale mail
 c - a +1 shield (worn)
 l - a +0 pair of boots (worn)
 x - a cursed +0 leather armour (worn)
Jewellery
 I - a +2 ring of intelligence (left hand)
 W - a ring of magical power (right hand)
Scrolls
 g - a scroll of enchant weapon {unknown}
 k - 2 scrolls of fear
 o - a scroll of magic mapping
 p - a scroll of fog {unknown}
 r - 5 scrolls of identify {@r1}
 v - a scroll of enchant armour
Potions
 e - a potion of invisibility {unknown}
 i - 2 potions of curing {@q1}
 n - a potion of flight {unknown}
 q - a potion of degeneration {unknown}
 s - a potion of haste {unknown}
Comestibles
 f - 2 bread rations {@e1}
 h - 10 fruits {@e2}
 j - 2 meat rations {@e1}
 w - a royal jelly {@e3}

Dungeon Overview and Level Annotations

Branches:
Dungeon (5/15)             Temple (0/1) D:4

Altars:
Ru
Sif Muna
Trog

Annotations:
D:3 Natasha
D:4 Regeox's ghost, amateur DDFi

### #....# #....#
####### +....# .....#
#...#
#.░.░W######...# #
#..⚑.@Oo.......# ...
#.░.░)#........#.....
.....#........'.....
############...##....
#...#######
#.........#
#.........+
#.........#
#...##....#


You could see a phantom, an ogre and an orc.


Message History

Unknown command.
You thump the orc wizard!
The orc wizard is severely wounded.
You block the phantom's attack. The orc wizard barely misses you.
The ogre hits you with a giant club.
Unknown command.
You hit the orc wizard but do no damage.
The orc wizard is severely wounded.
You block the phantom's attack.
The orc wizard points at you and mumbles some strange words.
The magic dart hits you! The ogre hits you with a giant club!
* * * LOW HITPOINT WARNING * * *
The phantom hits you but does no damage.
Your shield prevents you from hitting the orc wizard.
The orc wizard is severely wounded.
You block the orc wizard's attack.
The phantom hits you but does no damage.
The ogre hits you with a giant club!
* * * LOW HITPOINT WARNING * * *
Unknown command.
You feel very mighty all of a sudden.
The orc wizard gestures at you while chanting.
You are confused.
The phantom hits you but does no damage.
You sock the orc wizard!
You kill the orc wizard!
Trog accepts your kill.
Trog appreciates your killing of a magic user.
The ogre hits you with a giant club!
You die...

Skill      XL: |  1  2  3  4  5  6  7 |
---------------+----------------------+-----
Fighting       | 4 5 6 7 |  7.2
Maces & Flails | 3 4 5 |  5.7
Armour         | |  3.2
Shields        | |  3.2

Action                   |  1- 3 |  4- 6 |  7- 9 || total
-------------------------+-------+-------+-------++-------
Melee: Flail             |    66 |   217 |    32 ||   315
Invok: Renounce Religion |     1 |       |       ||     1
       Burn Spellbooks   |       |     1 |       ||     1
  Use: Scroll            |       |     8 |       ||     8
       Potion            |       |     6 |     2 ||     8
  Eat: Chunk             |       |     7 |     1 ||     8
       Fruit             |       |       |     2 ||     2
Armor: Scale mail        |    26 |    94 |       ||   120
       Skin              |       |    38 |       ||    38
       Leather armour    |       |     7 |    17 ||    24
Dodge: Dodged            |    16 |    87 |    15 ||   118
Block: Shield            |    39 |   180 |    21 ||   240

Vault maps used:
D:1:      minmay_arrival_stone_box, hex_intersection
D:2:      chequers_ecumenical_altar_simple_redux, minmay_misc_feat_diagonals
D:3:      uniq_natasha
D:4:      nicolae_ru_awakened_eye, minmay_temple_entry_statues_fountains,
          st_stairs_1, nemelex_spade_bored_becter
D:5:      okawaru_metal_pillars_1_2, grunt_gozag_breadcrumbs,
          grunt_dithmenos_shadows, kennysheep_little_box, tgw_trog, first_bread

Notes
Turn   | Place    | Note
-------+----------+-------------------------------------------
     0 | D:1      | Jazqa the Gargoyle Fighter began the quest for the Orb.
     0 | D:1      | Reached XP level 1. HP: 14/14 MP: 1/1
   413 | D:1      | Reached XP level 2. HP: 19/19 MP: 2/2
   781 | D:2      | Found a faded altar of an unknown god.
   801 | D:2      | Became a worshipper of Sif Muna the Loreminder
   801 | D:2      | Reached * piety under Sif Muna
   803 | D:2      | Fell from the grace of Sif Muna
   860 | D:2      | Reached skill level 4 in Fighting
   890 | D:2      | Reached XP level 3. HP: 23/24 MP: 3/3
   899 | D:2      | Reached skill level 3 in Maces & Flails
   963 | D:2      | Reached XP level 4. HP: 26/30 MP: 4/4
  1607 | D:3      | Reached skill level 5 in Fighting
  1607 | D:3      | Reached XP level 5. HP: 30/35 MP: 5/5
  1833 | D:3      | You fall through a shaft for 2 floors!
  1833 | D:5      | Entered Level 5 of the Dungeon
  1881 | D:5      | Noticed a moth of wrath
  1884 | D:5      | Found a bloodstained altar of Trog.
  1933 | D:5      | Became a worshipper of Trog the Wrathful
  1970 | D:5      | Reached skill level 4 in Maces & Flails
  2081 | D:4      | Noticed an ogre
  2098 | D:3      | Killed an ogre
  2098 | D:3      | Reached XP level 6. HP: 21/41 MP: 6/6
  2308 | D:3      | Noticed Natasha
  2317 | D:3      | Killed Natasha
  2422 | D:4      | Reached skill level 6 in Fighting
  2559 | D:4      | Noticed a phantom
  2598 | D:4      | Noticed Regeox's ghost (amateur DDFi)
  2691 | D:5      | HP: 1/42 [gnoll/spear (6)]
  2715 | D:5      | HP: 3/42 [gnoll/spear (1)]
  2720 | D:5      | HP: 2/42 [gnoll/spear (2)]
  2764 | D:5      | Reached skill level 5 in Maces & Flails
  3089 | D:5      | Reached XP level 7. HP: 16/47 MP: 7/7
  3408 | D:4      | Found a staircase to the Ecumenical Temple.
  3462 | D:4      | Reached skill level 7 in Fighting
  3495 | D:4      | Found a sacrificial altar of Ru.
  3797 | D:3      | Noticed Natasha
  3874 | D:5      | Found a deep blue altar of Sif Muna.
  3882 | D:5      | Reached * piety under Trog
  3887 | D:5      | Slain by an ogre

Vanquished Creatures
  3 ogres
  A scorpion (D:4)
  2 hounds
  An orc priest (D:4)
  An orc wizard (D:5)
  Natasha (D:3)
  A worker ant (D:4)
  3 gnolls (D:5)
  9 adders
  3 worms
  3 leopard geckos
  6 orcs
  A ball python (D:3)
  3 bats (D:2)
  6 giant cockroaches
  6 goblins
  4 hobgoblins
  6 jackals
  7 kobolds
  6 frilled lizards
  A leopard gecko skeleton (D:4)
  10 rats
84 creatures vanquished.
